 Dungeon Crawl Stone Soup version 0.20.1-1-g8b1a95d (webtiles) character file.

137 myopia the Cudgeler (level 5, 0/30 HPs)
             Began as a Gargoyle Gladiator on Jan 2, 2018.
             Killed from afar by an orc wizard (8 damage)
             ... with a puff of flame
             ... on level 3 of the Dungeon.
             The game lasted 00:05:35 (1406 turns).

myopia the Cudgeler (Gargoyle Gladiator)            Turns: 1406, Time: 00:05:36

Health: 0/30       AC: 10    Str: 17    XL:     5   Next: 20%
Magic:  5/5        EV: 12    Int:  9    God:
Gold:   93         SH:  0    Dex: 12    Spells: 4/4 levels left

rFire    . . .     SeeInvis .   a - +0 flail
rCold    . . .     Gourm    .   (no shield)
rNeg     + . .     Faith    .   b - +0 leather armour
rPois    ∞         Spirit   .   c - +0 helmet
rElec    +         Reflect  .   (no cloak)
rCorr    .         Harm     .   (no gloves)
MR       .....                  e - +1 pair of boots
Stlth    +.........             (no amulet)
Regen    0.1/turn               k - ring of flight
MPRegen  0.1/turn               (no ring)

@: no status effects
A: negative energy resistance 1, electricity resistance, unbreathing,
petrification resistance, rot immunity, AC +4
a: Evoke Flight


You were on level 3 of the Dungeon.
You were very hungry.

You visited 1 branch of the dungeon, and saw 3 of its levels.

You collected 93 gold pieces.

Inventory:

Hand Weapons
 a - a +0 flail (weapon)
Missiles
 d - 3 throwing nets (quivered)
 m - 24 poisoned needles
 t - 8 needles of confusion
Armour
 b - a +0 leather armour (worn)
 c - a +0 helmet (worn)
 e - a +1 pair of boots (worn)
 r - a +0 plate armour
Jewellery
 k - a ring of flight (left hand)
Scrolls
 g - a scroll of amnesia {unknown}
 h - a scroll of teleportation {unknown}
 j - a scroll of noise {unknown}
 l - a scroll of enchant armour {unknown}
 o - 2 scrolls of remove curse {unknown}
 u - a scroll of identify {unknown}
 v - 2 scrolls of fog {unknown}
Potions
 i - 2 potions of curing {unknown}
 p - a potion of mutation {unknown}
 q - a potion of cancellation {unknown}
 w - a potion of heal wounds {unknown}
Comestibles
 f - 3 bread rations
 s - a royal jelly


   Skills:
 - Level 2.1 Fighting
 + Level 5.7 Maces & Flails
 - Level 1.7 Throwing
 - Level 2.4 Dodging


You had 4 spell levels left.
You didn't know any spells.

Dungeon Overview and Level Annotations

Branches:
Dungeon (3/15)

Altars:


Innate Abilities, Weirdness & Mutations

You are resistant to torment.
Your stone body is resilient. (AC +4)
You are immune to poison.
You resist negative energy. (rN+)
You are resistant to electric shocks. (rElec)
You can survive without breathing.
You are immune to petrification.
You are immune to rotting.


Message History

The orc wizard flickers and vanishes!
Deactivating autopickup; reactivate with Ctrl-A.
You miss something.
You hear some strange, mumbled words.
A magic dart appears from out of thin air!
The magic dart hits you!
You closely miss something. Something hits you but does no damage.
You closely miss something. Something hits you but does no damage.
You barely miss something. Something hits you but does no damage.
You miss something. Something hits you but does no damage.
You are feeling very hungry.
You closely miss something. Something hits you but does no damage.
You barely miss something.
Something hits you but does no damage. x2
The orc priest mumbles some strange prayers to Beogh against you.
Beogh smites you!
* * * LOW HITPOINT WARNING * * *
You hear some strange, mumbled words.
A puff of flame appears from out of thin air!
The puff of flame hits you!
You die...

.....# #.# #...)..#
.....# #.##.# #......#
.....# #.##.# #......#
.....###.##.# #.......
.........##.#### #.....##
#.######........
......... #...........#
.###.####
#..######.#.####### #.
#### #...or..@.# ..
#.#o#####.###. ..
#)#...r.o.....
#.....oo...... ##......
#............... ...... .
###.###........###..#.##.
#...# .#####..#.........
##### .# ..# #...... ..
#....###


You could see an orc priest, an orc and a rat.

Vanquished Creatures
  A worker ant (D:3)
  4 adders (D:2)
  An ooze (D:2)
  2 worms
  2 dart slugs (D:1)
  2 leopard geckos
  An orc (D:3)
  3 giant cockroaches
  7 hobgoblins
  5 jackals
  2 ball pythons
  9 bats
  2 frilled lizards
  4 goblins
  9 kobolds
  4 rats
58 creatures vanquished.

Notes
Turn   | Place    | Note
-------+----------+-------------------------------------------
     0 | D:1      | myopia the Gargoyle Gladiator began the quest for the Orb.
     0 | D:1      | Reached XP level 1. HP: 12/12 MP: 1/1
   122 | D:1      | Reached XP level 2. HP: 15/17 MP: 2/2
   285 | D:1      | Reached skill level 4 in Maces & Flails
   307 | D:1      | Reached XP level 3. HP: 20/21 MP: 3/3
   645 | D:2      | Reached XP level 4. HP: 12/26 MP: 4/4
   858 | D:2      | Reached skill level 5 in Maces & Flails
  1257 | D:3      | Reached XP level 5. HP: 30/30 MP: 5/5
  1406 | D:3      | Killed from afar by an orc wizard

Skill      XL: |  1  2  3  4 |
---------------+-------------+-----
Maces & Flails | 4 5 |  5.7
Fighting       | |  2.1
Throwing       | |  1.7
Dodging        | |  2.4

Action                   |  1- 3 |  4- 6 || total
-------------------------+-------+-------++-------
Melee: Flail             |   112 |    98 ||   210
 Stab: Sleeping          |     1 |       ||     1
  Eat: Chunk             |       |     1 ||     1
Armor: Leather armour    |    97 |    54 ||   151
Dodge: Dodged            |   113 |    66 ||   179
